 Dungeon Crawl Stone Soup version 0.26-a0-540-g8a0c9464d7 (webtiles) character file.

Game seed: 670364913981659517

656185 vurker the Unseen (level 27, -8/244 HPs)
             Began as a Gnoll Delver on Aug 23, 2020.
             Was the Champion of Cheibriados.
             Killed from afar by an orb of fire (16 damage)
             ... with a bolt of fire
             ... on level 5 of the Realm of Zot.
             The game lasted 01:52:42 (76586 turns).

vurker the Unseen (Gnoll Delver)                   Turns: 76586, Time: 01:52:42

Health: -8/244     AC: 32    Str: 37 (38) XL:     27
Magic:  34/45      EV: 28    Int: 39      God:    Cheibriados [******]
Gold:   10111      SH: 24    Dex: 37      Spells: 40/63 levels left

rFire    + + .     SeeInvis .   t - +3 broad axe (elec)
rCold    + + +     Faith    .   L - +0 kite shield "Tileremo" {Harm rElec rF+ MR+}
rNeg     + . .     Spirit   .   k - +8 gold dragon scales
rPois    +         Reflect  +   (helmet restricted)
rElec    +         Harm     +   m - +0 cloak {rC+}
rCorr    .         Clarity  +   W - +1 pair of gloves {Str+3}
MR       ++++.                  n - +2 pair of boots
Stlth    ++........             S - amulet of reflection
HPRegen  0.50/turn              s - ring of Ledakhi {rC+ rN+ MR+}
MPRegen  0.29/turn              X - ring "Jarac" {Wiz rC+ Str+4 Int+3 Dex+2}

@: about to teleport, very slow
A: distributed training, antennae 1, fangs 1, clarity, deformed body,
deterioration 1, robust 1, subdued magic 1, strong nose
}: 3/15 runes: decaying, serpentine, silver
a: Bend Time, Temporal Distortion, Slouch, Step From Time, Renounce Religion


You were on level 5 of the Realm of Zot.
You worshipped Cheibriados.
Cheibriados was exalted by your worship.
You visited 11 branches of the dungeon, and saw 53 of its levels.
You also visited: Bailey, Gauntlet, Ice Cave and Wizlab.

You collected 12798 gold pieces.
You spent 2687 gold pieces at shops.

Inventory:

Hand Weapons
 t - a +3 broad axe of electrocution (weapon)
   (You took it off a vault warden on level 4 of the Vaults)
 y - the +6 spear "Qededewo" {vorpal, Str+4 Dex+6 Stlth+, unknown}
   (You found it on level 3 of the Realm of Zot)

   It inflicts extra damage upon your enemies.
   It affects your strength (+4).
   It affects your dexterity (+6).
   It makes you more stealthy.
Armour
 a - a +1 cloak of preservation
   (You took it off a draconian annihilator on level 2 of the Realm of Zot)
 k - +8 gold dragon scales (worn)
   (You found it on level 5 of the Vaults)
 m - a +0 cloak of cold resistance (worn)
   (You found it in an ice cave)
 n - a +2 pair of boots (worn)
   (You found it on level 4 of the Dungeon)
 D - a +1 cloak of poison resistance
   (You took it off a draconian knight on level 5 of the Realm of Zot)
 E - a +0 helmet
   (You took it off Robin on level 2 of the Dungeon)
 L - the +0 kite shield "Tileremo" (worn) {Harm rElec rF+ MR+}
   (You acquired it on level 7 of the Dungeon)

   It protects you from fire.
   It insulates you from electricity.
   It affects your resistance to hostile enchantments.
   It increases damage dealt and taken.
 W - a +1 pair of gloves of strength (worn)
   (You found it on level 5 of the Vaults)
Jewellery
 b - an uncursed ring of protection from cold
   (You took it off a vault warden on level 5 of the Vaults)
 s - the ring of Ledakhi (left hand) {rC+ rN+ MR+}
   (You found it on level 3 of the Crypt)

   [ring of positive energy]

   It protects you from cold.
   It protects you from negative energy.
   It affects your resistance to hostile enchantments.
 B - an uncursed ring of protection from fire
   (You took it off an orc on level 5 of the Vaults)
 J - an uncursed ring of see invisible
   (You took it off a deep elf knight on level 3 of the Elven Halls)
 Q - an uncursed ring of resist corrosion
   (You found it on level 1 of the Lair of Beasts)
 S - an amulet of reflection (around neck)
   (You found it on level 2 of the Lair of Beasts)
 X - the ring "Jarac" (right hand) {Wiz rC+ Str+4 Int+3 Dex+2}
   (You took it off a deep elf death mage on level 3 of the Elven Halls)

   [ring of wizardry]

   It improves your spell success rate.
   It affects your strength (+4).
   It affects your intelligence (+3).
   It affects your dexterity (+2).
   It protects you from cold.
Wands
 c - a wand of disintegration (61)
   (You found it on level 4 of the Dungeon)
 d - a wand of iceblast (31)
   (You found it on level 9 of the Dungeon)
 h - a wand of enslavement (27)
   (You found it on level 9 of the Dungeon)
 u - a wand of paralysis (34)
   (You found it on level 3 of the Dungeon)
 v - a wand of digging (26)
 x - a wand of acid (21)
   (You found it on level 7 of the Dungeon)
Scrolls
 e - 11 scrolls of fear
 g - 3 scrolls of brand weapon
 j - 10 scrolls of blinking
 l - 29 scrolls of identify
 o - 13 scrolls of fog
 r - 27 scrolls of remove curse
 w - 11 scrolls of amnesia
 A - 24 scrolls of teleportation
 G - a scroll of magic mapping
 M - 4 scrolls of summoning
 P - 2 scrolls of holy word
 T - 2 scrolls of silence
 U - 2 scrolls of vulnerability
 V - 9 scrolls of immolation
Potions
 f - 9 potions of magic
 i - 3 potions of resistance
 p - 21 potions of curing
 q - 3 potions of cancellation
 z - 4 potions of invisibility
 C - 12 potions of heal wounds
 F - 13 potions of flight
 H - 6 potions of lignification
 K - 7 potions of might
 N - 7 potions of brilliance
 R - 8 potions of mutation
 Y - a potion of ambrosia


   Skills:
 + Level 19.3 Fighting
 + Level 18.5 Short Blades
 + Level 18.5 Long Blades
 + Level 18.5 Axes
 + Level 18.9 Maces & Flails
 + Level 18.5 Polearms
 + Level 18.5 Staves
 + Level 18.5 Slings
 + Level 18.5 Bows
 + Level 18.5 Crossbows
 + Level 18.5 Throwing
 + Level 18.5 Armour
 + Level 18.9 Dodging
 + Level 20.1 Stealth
 + Level 18.5 Shields
 + Level 18.5 Unarmed Combat
 + Level 18.5 Spellcasting
 + Level 16.0 Conjurations
 + Level 16.0 Hexes
 + Level 16.0 Summonings
 + Level 16.0 Necromancy
 + Level 16.0 Translocations
 + Level 16.0 Transmutations
 + Level 16.0 Fire Magic
 + Level 16.0 Ice Magic
 + Level 16.0 Air Magic
 + Level 16.0 Earth Magic
 + Level 16.0 Poison Magic
 + Level 19.9 Invocations
 + Level 18.5 Evocations


You had 40 spell levels left.
You knew the following spells:

 Your Spells              Type           Power        Failure   Level
a - Ozocubu's Refrigerat  Ice            #######...   1%          6
b - Iron Shot             Conj/Erth      #######...   1%          6
c - Summon Mana Viper     Hex/Summ       #######.     1%          5
p - Apportation           Tloc           ######       0%          1
q - Irradiate             Conj/Tmut      #######...   1%          5

Your spell library contained the following spells:

 Spells                   Type           Power        Failure   Level
 Animate Skeleton         Necr           ######       0%          1
 Beastly Appendage        Tmut           ######       0%          1
 Corona                   Hex            #######      0%          1
 Foxfire                  Conj/Fire      ####         0%          1
 Freeze                   Ice            ####         0%          1
 Magic Dart               Conj           ####         0%          1
 Pain                     Necr           ####         0%          1
 Sandblast                Erth           ######       0%          1
 Shock                    Conj/Air       ####         0%          1
 Summon Small Mammal      Summ           ####         0%          1
 Blink                    Tloc           N/A          0%          2
 Call Imp                 Summ           #######.     0%          2
 Corpse Rot               Necr/Air       N/A          0%          2
 Ensorcelled Hibernation  Hex/Ice        ######       0%          2
 Passwall                 Tmut/Erth      #######.     0%          2
 Poisonous Vapours        Pois/Air       ######       0%          2
 Searing Ray              Conj           ######       0%          2
 Slow                     Hex            #######.     0%          2
 Sublimation of Blood     Necr           #######...   0%          2
 Swiftness                Air            #######.     0%          2
 Wereblood                Tmut           #######.     0%          2
 Call Canine Familiar     Summ           #######.     0%          3
 Confusing Touch          Hex            #######.     0%          3
 Conjure Flame            Conj/Fire      #######.     0%          3
 Dazzling Flash           Conj/Hex       ######       0%          3
 Frozen Ramparts          Ice            ######       0%          3
 Gell's Gravitas          Tloc           #######...   0%          3
 Ignite Poison            Fire/Tmut/Pois #######.     0%          3
 Inner Flame              Hex/Fire       #######.     0%          3
 Lesser Beckoning         Tloc           #######...   0%          3
 Mephitic Cloud           Conj/Pois/Air  #######.     0%          3
 Portal Projectile        Hex/Tloc       ######       0%          3
 Spider Form              Tmut/Pois      #######...   0%          3
 Static Discharge         Conj/Air       #######.     0%          3
 Stone Arrow              Conj/Erth      ######       0%          3
 Teleport Other           Tloc           #######.     0%          3
 Tukima's Dance           Hex            #######.     0%          3
 Vampiric Draining        Necr           #######...   0%          3
 Airstrike                Air            #######...   1%          4
 Animate Dead             Necr           #######...   1%          4
 Cause Fear               Hex            #######...   1%          4
 Dispel Undead            Necr           #######.     1%          4
 Fulminant Prism          Conj/Hex       #######...   1%          4
 Hailstorm                Conj/Ice       #######.     1%          4
 Ice Form                 Ice/Tmut       #######.     1%          4
 Iskenderun's Mystic Bla  Conj/Tloc      #######.     1%          4
 Leda's Liquefaction      Hex/Erth       #######...   1%          4
 Passage of Golubria      Tloc           N/A          1%          4
 Petrify                  Tmut/Erth      #######.     1%          4
 Sticky Flame             Conj/Fire      #######.     1%          4
 Summon Ice Beast         Ice/Summ       #######.     1%          4
 Agony                    Necr           #######.     1%          5
 Alistair's Intoxication  Tmut/Pois      #######..    1%          5
 Blade Hands              Tmut           #######...   1%          5
 Bolt of Magma            Conj/Fire/Erth #######...   1%          5
 Borgnjor's Vile Clutch   Necr/Erth      #######...   1%          5
 Excruciating Wounds      Necr           #######...   1%          5
 Fireball                 Conj/Fire      #######...   1%          5
 Lee's Rapid Deconstruct  Erth           #######...   1%          5
 Lightning Bolt           Conj/Air       #######...   1%          5
 Metabolic Englaciation   Hex/Ice        #######...   1%          5
 Summon Demon             Summ           #######...   1%          5
 Summon Forest            Summ/Tloc      #######...   1%          5
 Yara's Violent Unravell  Hex/Tmut       #######...   1%          5
 Death Channel            Necr           #######...   1%          6
 Dispersal                Tloc           #######...   1%          6
 Eringya's Noxious Bog    Tmut/Pois      #######...   1%          6
 Freezing Cloud           Conj/Ice/Air   #######...   1%          6
 Hydra Form               Tmut           #######...   1%          6
 Invisibility             Hex            #######.     1%          6
 Simulacrum               Ice/Necr       #######...   1%          6
 Starburst                Conj/Fire      #######...   1%          6
 Statue Form              Tmut/Erth      #######..    1%          6
 Dragon Form              Tmut           #######...   2%          7
 Orb of Destruction       Conj           #######...   2%          7
 Spellforged Servitor     Conj/Summ      #######...   2%          7
 Summon Hydra             Summ           #######...   2%          7
 Controlled Blink         Tloc           N/A          21%         8
 Disjunction              Tloc           #######...   21%         8
 Dragon's Call            Summ           #######...   95%         9
 Shatter                  Erth           #######...   95%         9


Dungeon Overview and Level Annotations

Branches:
Dungeon (15/15)            Temple (1/1) D:5            Lair (6/6) D:9
  Swamp (4/4) Lair:2        Snake (4/4) Lair:3        Slime (0/5) Lair:6
    Orc (2/2) D:11            Elf (3/3) Orc:2        Vaults (5/5) D:13
  Crypt (3/3) Vaults:3       Tomb (0/3) Crypt:3      Depths (5/5) D:15
    Zot (5/5) Depths:5     Bailey (visited)           IceCv (visited)
 WizLab (visited)         Gauntlet (visited)

Altars:
Ashenzari
Cheibriados
Dithmenos
Gozag
Kikubaaqudgha
Nemelex Xobeh
Sif Muna
Trog
Wu Jian
Xom
Zin
Jiyva

Shops:
Orc:2 *[[=   Elf:2 (   Snake:2 *   Vaults:3 :   Depths:2 ?   Depths:5 :

Portals:
Hell: Depths:1 Depths:2 Depths:3 Depths:4 Depths:5
Abyss: D:3 Depths:4
Pandemonium: Depths:1 Depths:3
Ziggurat: Depths:5

Annotations:
D:3 2 transporters, Lanoc's ghost, weakling DsAK
D:12 3 runed translucent doors, Inuo's ghost, journeyman DrCj
D:15 2 transporters, Upoah's ghost, journeyman MiBe
Lair:6 2 runed translucent doors, Rythoj's ghost, journeyman MiBe
Vaults:1 1 runed translucent door, Isedumueph's ghost, veteran HuFi
Vaults:3 3 runed translucent doors, Juteq's ghost, adept GnGl
Depths:1 exclusion: 2 ice statues
Zot:4 1 runed translucent door, Raoson's ghost, legendary GrBe


Innate Abilities, Weirdness & Mutations

Your experience applies equally to all skills.
You have very sharp teeth.
Your uncanny sense of smell can sniff out nearby items.
You have a pair of small antennae on your head.
You possess an exceptional clarity of mind.
Armour fits poorly on your strangely shaped body.
Your body sometimes deteriorates upon taking damage.
You are robust. (+10% HP)
Your spells are a little easier to cast, but a little less powerful.


Message History

An orb of fire comes into view.
An Orb Guardian comes into view.
An orb of fire comes into view.
A storm dragon comes into view.
An Orb Guardian comes into view.
You hear a loud "Zot"!
A storm dragon comes into view.
A yellow draconian comes into view. It is wielding a +0 dire flail.
The storm dragon roars deafeningly!
You hear a roar!
Found a wand of enslavement (12) and 28 stones.
Unknown command.
Okay, then.
Magic courses through your body.
You hear a roar!
You hear a shout!
The storm dragon breathes lightning at you.
The bolt of lightning misses you.
The orb of fire emits a lurid red light.
Strange energies course through your body.
You feel stupid.
A Killer Klown comes into view. It is wielding a +11 vampiric club.
You step out of the flow of time.
You return to the normal time flow.
A golden dragon, an orb of fire, 5 draconians and an ancient lich come into view.
The ancient lich shouts!
The black draconian roars!
The white draconian roars!
The golden dragon roars deafeningly!
You hear a roar!
You hear a deafening roar!
The orb of fire glows bright magenta.
The bolt of fire hits you!! You resist.
* * * LOW HITPOINT WARNING * * *
A curse toe comes into view.
The black draconian breathes lightning at you.
The bolt of lightning misses you.
You step out of the flow of time.
You return to the normal time flow.
The storm dragon roars deafeningly!
You hear a deafening roar!
You hear a roar! x2
You step out of the flow of time.
You return to the normal time flow.
A tentacled monstrosity comes into view.
As you read the scroll of teleportation, it crumbles to dust.
You feel strangely unstable.
You feel the Orb delaying your translocation!
The curse toe gives a chilling moan.
The orb of fire emits a lurid red light.
Strange energies course through your body.
The curse toe calls on the powers of darkness!
The Orb Guardian convulses!
Your body is wracked with pain!
* * * LOW HITPOINT WARNING * * *
The orb of fire emits a lurid red light.
The bolt of fire misses you. Magic courses through your body.
You block the Orb Guardian's attack.
The orb of fire glows yellow.
The bolt of fire hits you! You resist.
You die...

,,,,,,,,☼,,,,,,,,,,**
^,,,,,,,,...........▓▓
,,^,,,^,,...(z.......▓
,,^,,,,,,...°....../.*
,,,,,,,,,...........**
,,,,,,,,,..........**
,,,,,,,,,....*.^..▓▓
,,,,,,,,,..........▓▓
,,,,,^,^,......X@...▓*
,,,,,,,,,............▓
,,,∆,,,,,............▓
,,,,,,,,,....X......▓▓
,,,,,,,,^....*.....▓▓
***,,,,,,.......X.▓▓
*********▓##....8▓▓
,,^,,,,,,,,.......**
,**,,,,,,,,,,,,,,,,**


You could see 2 orbs of fire, a tentacled monstrosity, a curse toe and 2 Orb
Guardians.

Vanquished Creatures
  3 ancient liches
  An orb of fire (Zot:2)
  Mara (Swamp:4)
  A juggernaut (Depths:4)
  Bai Suzhen (Swamp:4)
  Xtahua (Depths:4)
  A Killer Klown (Zot:5)
  Boris (twice) (Depths:3 Crypt:3)
  Saint Roka (Depths:5)
  2 curse toes
  6 golden dragons
  10 caustic shrikes
  Jory (Crypt:1)
  3 bone dragons
  A shard shrike zombie (Crypt:2)
  6 liches
  A hellephant (Vaults:3)
  15 tentacled monstrosities
  Jorgrun (Orc:2)
  Rupert (D:13)
  An Ice Fiend (Depths:1)
  An electric golem (Zot:5)
  10 Orb Guardians (Zot:5)
  2 quicksilver dragons (Zot:3)
  7 titans
  3 deep elf blademasters
  4 ancient champions
  2 deep elf master archers (Elf:3)
  5 death cobs
  2 thorn hunters
  6 shadow dragons
  Roxanne (Swamp:4)
  12 storm dragons
  6 sphinxes
  9 tengu reavers
  11 fire giants
  2 draconian monks
  2 revenants
  6 nagarajas
  4 deep elf sorcerers
  9 frost giants
  4 draconian knights
  2 iron dragons (Vaults:5)
  3 ghost moths
  7 draconian scorchers
  Aizul (Snake:4)
  14 vault wardens
  A cacodemon (WizLab)
  19 ironheart preservers
  A balrug (Vaults:3)
  A draconian stormcaller (Zot:3)
  4 curse skulls
  8 draconian shifters
  5 deep elf elementalists
  3 ghouls (Crypt:1)
  3 spriggan defenders (Depths:4)
  3 draconian annihilators
  15 very ugly things
  19 stone giants
  5 vampire knights
  5 reapers
  An entropy weaver (Vaults:4)
  An entropy weaver (shapeshifter) (Vaults:5)
  14 deep elf demonologists
  8 deep elf annihilators
  7 purple draconians
  9 red draconians
  8 black draconians
  9 white draconians
  7 green draconians
  A minotaur (Gauntlet)
  4 yellow draconians
  6 spark wasps (Depths:4)
  7 ettins
  12 eidola
  12 deep elf death magi
  10 fire dragons
  18 yaktaur captains
  A mummy priest (Crypt:3)
  9 deep elf high priests
  3 rakshasas
  A hell beast (Depths:2)
  7 jiangshi
  15 naga warriors
  17 ice dragons
  26 hydras
  8 great orbs of eyes
  Fannar (D:12)
  3 spriggan air magi
  28 vault guards
  2 shambling mangroves (Swamp:4)
  Erolcha (Orc:1)
  3 ghost crabs
  2 quicksilver dragon skeletons
  An anaconda (shapeshifter) (Vaults:5)
  4 anacondas
  5 death knights
  14 centaur warriors
  8 alligators
  11 ogre magi
  5 deep troll shamans
  5 deep troll earth magi
  6 tengu warriors
  6 vampire magi
  28 two-headed ogres
  25 dancing weapons
  5 spriggan berserkers
  15 naga sharpshooters
  8 shock serpents
  An orc high priest (Orc:2)
  A titan zombie (Crypt:3)
  Urug (D:13)
  10 soul eaters
  4 sun demons (Depths:2)
  A queen ant (shapeshifter) (Vaults:2)
  28 deep elf knights
  A titan skeleton (Crypt:2)
  A fire crab (Gauntlet)
  2 small abominations (Elf:3)
  2 iron trolls (Depths:2)
  A fire crab (shapeshifter) (Vaults:5)
  3 shadow wraiths
  35 hell knights
  2 salamander mystics
  3 sixfirhies (Gauntlet)
  5 unseen horrors
  3 flayed ghosts
  37 skeletal warriors
  2 spriggan druids
  2 storm dragon skeletons (Crypt:2)
  18 deep trolls
  2 naga ritualists
  2 golden dragon zombies (Crypt:3)
  A shadow demon (Depths:1)
  A torturous demonspawn (Depths:1)
  A tengu zombie (Vaults:4)
  2 anaconda zombies
  4 wizards
  10 swamp dragons
  4 glowing orange brains
  An anaconda skeleton (Crypt:3)
  14 phantasmal warriors
  26 deep elf archers
  19 necromancers
  2 harpies (Vaults:4)
  3 large abominations (Elf:1)
  A shadow dragon zombie (Vaults:5)
  A sphinx zombie (Vaults:4)
  18 ironbrand convokers
  15 orc knights
  60 deep elf magi
  2 wolf spider zombies
  5 human zombies
  5 mana vipers
  10 wolf spiders
  41 ugly things
  6 orc sorcerers
  A salamander (shapeshifter) (Vaults:1)
  2 manticores
  A shining eye (shapeshifter) (Vaults:5)
  A frost giant zombie (Crypt:3)
  10 cyclopes
  An elephant (Lair:6)
  11 salamanders
  19 moths of wrath
  4 stone giant skeletons
  2 centaur zombies
  2 human skeletons
  4 shadow dragon skeletons
  3 guardian serpents
  31 naga magi
  2 ice statues (IceCv)
  8 vault sentinels
  2 iron dragon skeletons
  3 fire giant skeletons
  3 smoke demons
  An elephant (shapeshifter) (Depths:4)
  24 black mambas
  A frost giant skeleton (Crypt:2)
  4 orange demons
  22 cane toads
  A dire elephant skeleton (Crypt:3)
  2 gargoyles
  11 komodo dragons
  A yellow draconian zombie (Crypt:3)
  A kobold demonologist (D:11)
  45 yaktaurs
  An emperor scorpion zombie (Crypt:2)
  2 rime drakes (D:13)
  17 freezing wraiths
  A death yak zombie (Crypt:2)
  A catoblepas skeleton (Crypt:2)
  A guardian mummy (Crypt:3)
  4 ice devils (Depths:1)
  A redback zombie (Crypt:1)
  14 hellwings
  7 red devils
  2 tengu conjurers
  A green draconian skeleton (Crypt:3)
  An efreet (D:13)
  A golden dragon simulacrum (Crypt:1)
  A hydra zombie (Crypt:1)
  A wind drake (shapeshifter) (Vaults:2)
  17 trolls
  2 jumping spiders (Crypt:3)
  2 harpy skeletons
  11 tyrant leeches
  19 hornets
  13 polar bears
  Grinder (D:3)
  35 slime creatures
  A guardian serpent zombie (Crypt:2)
  2 human simulacra
  16 blink frogs
  7 bog bodies
  6 dream sheep
  4 hydra skeletons
  A meliai zombie (D:12)
  2 fire dragon zombies (Crypt:3)
  17 hippogriffs
  An ice dragon zombie (Crypt:3)
  8 flying skulls (Crypt:2)
  A tarantella (Vaults:4)
  2 spriggans (shapeshifter)
  2 shadows
  2 centaur simulacra (D:14)
  2 ice dragon skeletons (Crypt:2)
  A shapeshifter (Depths:2)
  2 air elementals (Elf:2)
  3 wyverns
  7 redbacks
  12 wraiths
  Sigmund (D:6)
  2 vampires
  5 ynoxinuls
  19 spriggans
  A yak (shapeshifter) (Vaults:1)
  3 fire bats (Gauntlet)
  A tyrant leech zombie (Crypt:1)
  2 basilisks (shapeshifter)
  16 humans (D:13)
  37 yaks
  8 water elementals
  7 basilisks
  A fire bat (shapeshifter) (Vaults:5)
  2 ushabtiu (Crypt:3)
  A golden eye (shapeshifter) (Vaults:2)
  3 fire elementals
  A hog (shapeshifter) (Vaults:3)
  2 neqoxecs (Depths:2)
  2 steam dragons
  21 vampire mosquitoes
  A gelid demonspawn zombie (Crypt:2)
  2 chaos spawn
  56 nagas
  14 swamp worms
  9 wargs
  4 acid dragons
  A soldier ant (D:14)
  A cane toad zombie (Crypt:3)
  A merfolk skeleton (Crypt:3)
  9 water moccasins
  A cane toad skeleton (Crypt:2)
  4 porcupines
  10 swamp drakes
  38 orc warriors
  12 ice beasts
  2 hornet zombies
  4 sky beasts
  8 black bears
  28 wolves
  An eye of draining (D:14)
  38 ogres
  28 boggarts
  13 centaurs
  A phantom (D:9)
  A lindwurm skeleton (Crypt:2)
  2 manticore skeletons
  5 snapping turtle skeletons (Crypt:2)
  An elf skeleton (Vaults:4)
  Blork the orc (Orc:1)
  12 crocodiles
  4 big kobolds
  23 bullfrogs
  6 elf zombies
  A gnoll sergeant (Orc:1)
  2 earth elementals
  7 wyvern skeletons (Crypt:3)
  3 scorpions
  A hornet simulacrum (Vaults:1)
  10 killer bees
  A raiju zombie (Crypt:2)
  3 howler monkeys
  21 wights
  2 troll skeletons (Crypt:2)
  8 electric eels
  A crimson imp (Depths:1)
  A wyvern simulacrum (D:14)
  9 jellies
  A quasit (Depths:1)
  A bullfrog zombie (D:6)
  8 hounds
  29 orc priests
  A bullfrog skeleton (D:12)
  An iron imp (Depths:1)
  6 centaur skeletons
  Jessica (D:2)
  7 hell rats (Lair:2)
  7 iguanas
  41 orc wizards
  10 worker ants
  2 polar bear simulacra (Lair:4)
  6 yak simulacra (Lair:4)
  2 wolf simulacra (Lair:4)
  A dwarf skeleton (Crypt:2)
  A hound zombie (D:8)
  Robin (D:2)
  18 gnolls
  A worker ant zombie (D:11)
  2 howler monkey skeletons
  9 adders
  A swamp drake skeleton (Crypt:1)
  3 shadow imps
  2 white imps
  3 ufetubi
  An ooze (D:3)
  A lava snake zombie (Crypt:1)
  A worm (D:2)
  3 dart slugs (D:2)
  9 leopard geckos
  106 orcs
  2 giant cockroaches
  18 goblins
  29 hobgoblins
  11 jackals
  23 kobolds
  6 quokkas
  10 bats
  2 frilled lizards
  A frilled lizard skeleton (Crypt:1)
  2 kobold skeletons (Crypt:3)
  A kobold zombie (Crypt:3)
  A leopard gecko skeleton (D:7)
  A leopard gecko zombie (D:7)
  A quokka skeleton (D:8)
  A quokka zombie (D:5)
  10 rats
  A river rat simulacrum (Lair:4)
  A briar patch (Swamp:3)
  5 crawling corpses (Elf:3)
  8 withered plants (Crypt:3)
2557 creatures vanquished.

Vanquished Creatures (collateral kills)
  A nagaraja (Snake:4)
  A hydra (Swamp:2)
  A shambling mangrove (Swamp:1)
  4 alligators
  A dancing weapon (Elf:2)
  A swamp dragon (Swamp:1)
  3 slime creatures (Swamp:1)
  A naga mage (Snake:4)
  2 hornets
  3 bog bodies
  4 blink frogs (Swamp:1)
  A spriggan (Swamp:4)
  2 vampire mosquitoes (Swamp:1)
  2 swamp worms
  A swamp drake (Swamp:2)
28 creatures vanquished.

Vanquished Creatures (others)
  A fire giant (Depths:4)
  A quicksilver dragon skeleton (Crypt:3)
  An iron troll (Depths:2)
  A deep elf mage (Elf:1)
  2 hornets
  A water elemental (Elf:1)
  A large abomination (Elf:1)
  An orc priest (Vaults:3)
  A shadow imp (Depths:1)
  9 briar patches
  14 fungi
  6 plants
  13 withered plants (Crypt:3)
52 creatures vanquished.

Grand Total: 2637 creatures vanquished

Notes
Turn   | Place    | Note
-------+----------+-------------------------------------------
     0 | D:5      | Reached skill level 9 in Stealth
     0 | D:5      | vurker the Gnoll Delver began the quest for the Orb.
     0 | D:5      | Reached XP level 1. HP: 23/23 MP: 1/1
   123 | D:4      | Noticed a hound
   201 | D:4      | Killed a hound
   201 | D:4      | Reached XP level 2. HP: 25/29 MP: 1/3
   201 | D:4      | Reached XP level 3. HP: 30/35 MP: 1/4
   305 | D:4      | Reached skill level 1 in Short Blades
   305 | D:4      | Reached skill level 1 in Long Blades
   305 | D:4      | Reached skill level 1 in Axes
   305 | D:4      | Reached skill level 1 in Polearms
   305 | D:4      | Reached skill level 1 in Staves
   305 | D:4      | Reached skill level 1 in Slings
   305 | D:4      | Reached skill level 1 in Bows
   305 | D:4      | Reached skill level 1 in Crossbows
   305 | D:4      | Reached skill level 1 in Throwing
   305 | D:4      | Reached skill level 1 in Armour
   305 | D:4      | Reached skill level 1 in Shields
   305 | D:4      | Reached skill level 1 in Unarmed Combat
   305 | D:4      | Reached skill level 1 in Spellcasting
   305 | D:4      | Reached skill level 1 in Invocations
   305 | D:4      | Reached skill level 1 in Evocations
   305 | D:4      | Reached XP level 4. HP: 8/41 MP: 5/5
   308 | D:4      | HP: 1/41 [orc/+0 hand axe (2)]
   685 | D:4      | Reached skill level 1 in Conjurations
   685 | D:4      | Reached skill level 1 in Hexes
   685 | D:4      | Reached skill level 1 in Summonings
   685 | D:4      | Reached skill level 1 in Necromancy
   685 | D:4      | Reached skill level 1 in Translocations
   685 | D:4      | Reached skill level 1 in Transmutations
   685 | D:4      | Reached skill level 1 in Fire Magic
   685 | D:4      | Reached skill level 1 in Ice Magic
   685 | D:4      | Reached skill level 1 in Air Magic
   685 | D:4      | Reached skill level 1 in Earth Magic
   685 | D:4      | Reached skill level 1 in Poison Magic
  1001 | D:4      | Reached XP level 5. HP: 8/47 MP: 5/7
  1800 | D:3      | Found a transporter.
  1854 | D:3      | Found the +8 demon trident "Rift" {distort, reach+}
  1854 | D:3      | Noticed Grinder
  2442 | D:1      | Reached XP level 6. HP: 53/53 MP: 8/8
  3025 | D:2      | Noticed Robin
  3055 | D:2      | Killed Robin
  3226 | D:2      | Noticed Jessica
  3234 | D:2      | Killed Jessica
  3234 | D:2      | Reached skill level 5 in Maces & Flails
  3234 | D:2      | Reached skill level 5 in Dodging
  3453 | D:3      | Found a transporter.
  3460 | D:3      | Paralysed by Grinder for 3 turns
  3465 | D:3      | Killed Grinder
  3465 | D:3      | Reached XP level 7. HP: 42/60 MP: 10/10
  3723 | D:3      | Found a one-way gate to the infinite horrors of the Abyss.
  3723 | D:3      | Noticed Lanoc's ghost (weakling DsAK)
  4155 | D:3      | Noticed a small abomination
  4839 | D:5      | Found a staircase to the Ecumenical Temple.
  4906 | Temple   | Entered the Ecumenical Temple
  4962 | Temple   | Became a worshipper of Cheibriados the Contemplative
  5137 | D:6      | Reached skill level 10 in Stealth
  5139 | D:6      | Reached XP level 8. HP: 67/67 MP: 12/12
  5241 | D:6      | Found a bloodstained altar of Trog.
  5268 | D:6      | Noticed Sigmund
  5281 | D:6      | Reached * piety under Cheibriados
  5285 | D:6      | Killed Sigmund
  5608 | D:6      | Got a buzzing dagger
  5615 | D:6      | Identified the +9 dagger "Gohalem" {freeze, +Rage} (You
                  | found it on level 6 of the Dungeon)
  5674 | D:6      | Got a blackened ring mail
  5685 | D:6      | Identified the +2 ring mail of Defence {rN+ rCorr Str-5}
                  | (You found it on level 6 of the Dungeon)
  5959 | D:7      | Reached XP level 9. HP: 63/72 MP: 14/14
  6011 | D:7      | Identified a scroll of acquirement
  6011 | D:7      | Acquired the +0 kite shield "Tileremo" {Harm rElec rF+ MR+}
  6129 | D:7      | Reached ** piety under Cheibriados
  6303 | D:7      | Noticed a troll
  6311 | D:7      | Killed a troll
  6645 | D:7      | Reached skill level 5 in Invocations
  7071 | D:8      | Found a shadowy altar of Dithmenos.
  7081 | D:8      | Reached *** piety under Cheibriados
  7450 | D:8      | Reached XP level 10. HP: 80/80 MP: 17/17
  7613 | D:8      | Reached skill level 5 in Short Blades
  7613 | D:8      | Reached skill level 5 in Long Blades
  7613 | D:8      | Reached skill level 5 in Axes
  7613 | D:8      | Reached skill level 5 in Polearms
  7613 | D:8      | Reached skill level 5 in Staves
  7613 | D:8      | Reached skill level 5 in Slings
  7613 | D:8      | Reached skill level 5 in Bows
  7613 | D:8      | Reached skill level 5 in Crossbows
  7613 | D:8      | Reached skill level 5 in Throwing
  7613 | D:8      | Reached skill level 5 in Armour
  7613 | D:8      | Reached skill level 5 in Shields
  7613 | D:8      | Reached skill level 5 in Unarmed Combat
  7613 | D:8      | Reached skill level 5 in Spellcasting
  7613 | D:8      | Reached skill level 5 in Evocations
  7653 | D:8      | Found a bloodstained altar of Trog.
  7665 | D:8      | Reached **** piety under Cheibriados
  8022 | D:9      | Noticed a two-headed ogre
  8028 | D:9      | Killed a two-headed ogre
  8200 | D:9      | Noticed a cyclops
  8246 | D:9      | Killed a cyclops
  8254 | D:9      | Reached skill level 11 in Stealth
  8699 | D:9      | Reached ***** piety under Cheibriados
  8832 | D:9      | Reached XP level 11. HP: 29/87 MP: 19/19
  9071 | D:9      | Found a staircase to the Lair.
  9201 | D:9      | Noticed a two-headed ogre
  9213 | D:9      | Killed a two-headed ogre
  9213 | D:9      | Reached skill level 5 in Conjurations
  9213 | D:9      | Reached skill level 5 in Hexes
  9213 | D:9      | Reached skill level 5 in Summonings
  9213 | D:9      | Reached skill level 5 in Necromancy
  9213 | D:9      | Reached skill level 5 in Translocations
  9213 | D:9      | Reached skill level 5 in Transmutations
  9213 | D:9      | Reached skill level 5 in Fire Magic
  9213 | D:9      | Reached skill level 5 in Ice Magic
  9213 | D:9      | Reached skill level 5 in Air Magic
  9213 | D:9      | Reached skill level 5 in Earth Magic
  9213 | D:9      | Reached skill level 5 in Poison Magic
  9419 | D:10     | Entered Level 10 of the Dungeon
 10116 | D:10     | Found an ornate altar of the Wu Jian Council.
 10178 | D:10     | Identified the +3 quarterstaff of Ziptuf {holy, SInv}
 10217 | D:10     | Killed an unseen horror
 10528 | D:11     | Found a staircase to the Orcish Mines.
 10528 | D:11     | Noticed a purple ugly thing
 10537 | D:11     | Killed a purple ugly thing
 10565 | D:11     | Noticed a seven-headed hydra
 10570 | D:11     | Noticed a seven-headed hydra
 10571 | D:11     | Killed a seven-headed hydra
 10576 | D:11     | Killed a seven-headed hydra
 10703 | D:11     | Noticed a cyclops
 10711 | D:11     | Killed a cyclops
 10787 | D:11     | Reached XP level 12. HP: 96/96 MP: 22/22
 11144 | D:11     | Gained mutation: You occasionally shout uncontrollably at
                  | your foes. [a neqoxec]
 11359 | D:11     | Lost mutation: You occasionally shout uncontrollably at
                  | your foes. [potion of mutation]
 11359 | D:11     | Gained mutation: Your skin changes colour to match your
                  | surroundings (Stealth+). [potion of mutation]
 11359 | D:11     | Gained mutation: You are robust. (+10% HP) [potion of
                  | mutation]
 11359 | D:11     | Gained mutation: You are partially covered in slimy green
                  | scales. (AC +2) [potion of mutation]
 11359 | D:11     | Gained mutation: You are very robust. (+20% HP) [potion of
                  | mutation]
 11658 | D:12     | Reached ****** piety under Cheibriados
 11728 | D:12     | Found a runed translucent gate.
 11728 | D:12     | Found a runed translucent gate.
 11728 | D:12     | Found a runed translucent gate.
 11740 | D:12     | Noticed Inuo's ghost (journeyman DrCj)
 11744 | D:12     | Noticed a seven-headed hydra
 11745 | D:12     | Noticed a two-headed ogre
 11752 | D:12     | Noticed an eight-headed hydra
 11756 | D:12     | Killed a two-headed ogre
 11756 | D:12     | Killed an eight-headed hydra
 11756 | D:12     | Reached skill level 10 in Fighting
 11770 | D:12     | Killed a seven-headed hydra
 12138 | D:12     | Reached skill level 12 in Stealth
 12295 | D:12     | You fall into a shaft and drop 2 floors!
 12312 | D:14     | Reached XP level 13. HP: 123/123 MP: 8/24
 12594 | D:13     | Found a gate to the Vaults.
 12594 | D:13     | Noticed Rupert
 12594 | D:13     | Noticed Urug
 12600 | D:13     | Killed Rupert
 12600 | D:13     | Killed Urug
 12839 | D:13     | Found a frozen archway.
 12857 | IceCv    | Entered an ice cave
 13476 | IceCv    | Noticed a frost giant
 13550 | IceCv    | Killed a frost giant
 13648 | IceCv    | Got an iridescent great sword
 14091 | D:12     | Noticed Fannar
 14112 | D:12     | Killed Fannar
 14112 | D:12     | Reached XP level 14. HP: 109/133 MP: 26/26
 14376 | Lair:1   | Entered Level 1 of the Lair of Beasts
 14448 | Lair:1   | Reached skill level 10 in Maces & Flails
 14448 | Lair:1   | Reached skill level 10 in Dodging
 14813 | D:14     | Reached skill level 10 in Invocations
 15582 | D:14     | Reached skill level 13 in Stealth
 16805 | D:13     | Found an opulent altar of Gozag.
 16970 | Lair:1   | Reached XP level 15. HP: 142/142 MP: 28/28
 17728 | Lair:2   | Got a fading whip
 17729 | Lair:2   | Identified the +6 whip of Jiskis Qemif {vorpal, Dex+3} (You
                  | found it on level 2 of the Lair of Beasts)
 17959 | Lair:2   | Found a staircase to the Swamp.
 18929 | Lair:3   | Found a staircase to the Snake Pit.
 19274 | Lair:4   | Found a gate leading to a gauntlet.
 19294 | Gauntlet | Entered a Gauntlet
 19294 | Gauntlet | Found a transporter.
 19294 | Gauntlet | Found a transporter.
 19354 | Gauntlet | Found a transporter.
 19367 | Gauntlet | Found a transporter.
 19367 | Gauntlet | Found a transporter.
 19367 | Gauntlet | Found a transporter.
 19369 | Gauntlet | Found a transporter.
 19369 | Gauntlet | Found a transporter.
 19372 | Gauntlet | Identified the ring "Cumogeon" {rElec EV+4 Str-4 SInv}
 19381 | Gauntlet | Found a transporter.
 19393 | Gauntlet | Found a transporter.
 19406 | Gauntlet | Found a transporter.
 19411 | Gauntlet | Found a transporter.
 19451 | Gauntlet | Found a transporter.
 19453 | Gauntlet | Found a runed translucent gate.
 19453 | Gauntlet | Found a runed translucent gate.
 19453 | Gauntlet | Found a runed translucent gate.
 19462 | Gauntlet | Found a transporter.
 19501 | Gauntlet | Reached skill level 10 in Short Blades
 19501 | Gauntlet | Reached skill level 10 in Long Blades
 19501 | Gauntlet | Reached skill level 10 in Axes
 19501 | Gauntlet | Reached skill level 10 in Polearms
 19501 | Gauntlet | Reached skill level 10 in Staves
 19501 | Gauntlet | Reached skill level 10 in Slings
 19501 | Gauntlet | Reached skill level 10 in Bows
 19501 | Gauntlet | Reached skill level 10 in Crossbows
 19501 | Gauntlet | Reached skill level 10 in Throwing
 19501 | Gauntlet | Reached skill level 10 in Armour
 19501 | Gauntlet | Reached skill level 10 in Shields
 19501 | Gauntlet | Reached skill level 10 in Unarmed Combat
 19501 | Gauntlet | Reached skill level 10 in Spellcasting
 19501 | Gauntlet | Reached skill level 10 in Evocations
 19543 | Gauntlet | Got a slimy glass ring
 19547 | Gauntlet | Identified the ring of Rialemet {rPois rC+ MR+ Str+3} (You
                  | found it in a Gauntlet)
 19948 | Lair:4   | Acquired Dispater's Grimoire of Companions
 20770 | Lair:5   | Identified the Almanac of the Quantum Mountains
 21588 | Lair:6   | Entered Level 6 of the Lair of Beasts
 21886 | Lair:6   | Found a runed translucent door.
 21886 | Lair:6   | Found a viscous altar of Jiyva.
 21886 | Lair:6   | Found a staircase to the Slime Pits.
 22215 | Lair:6   | Reached XP level 16. HP: 152/152 MP: 30/30
 22598 | Lair:6   | Found a large runed translucent door.
 22598 | Lair:6   | Found a large runed translucent door.
 22834 | Lair:6   | Noticed Rythoj's ghost (journeyman MiBe)
 23261 | Orc:1    | Entered Level 1 of the Orcish Mines
 23312 | Orc:1    | Found a flagged portal.
 23320 | Bailey   | Entered a bailey
 23529 | Bailey   | Acquired 690 gold pieces
 23562 | Orc:1    | Noticed Erolcha
 23567 | Orc:1    | Killed Erolcha
 23714 | Orc:1    | Noticed Blork the orc
 23724 | Orc:1    | Killed Blork the orc
 24436 | Orc:2    | Entered Level 2 of the Orcish Mines
 24596 | Orc:2    | Found a staircase to the Elven Halls.
 25114 | Orc:2    | Noticed Jorgrun
 25121 | Orc:2    | Killed Jorgrun
 25329 | Orc:2    | Found Lyxzunuj's Jewellery Shop.
 25329 | Orc:2    | Found Hefoo's Antique Armour Boutique.
 25355 | Orc:2    | Found Julybran's Assorted Antiques.
 25370 | Orc:2    | Found Iwnonuamm's Armour Shop.
 25375 | Orc:2    | Bought a scroll of summoning for 218 gold pieces
 25682 | D:15     | Entered Level 15 of the Dungeon
 26195 | D:15     | Noticed Upoah's ghost (journeyman MiBe)
 26196 | D:15     | Identified the ring of Fixation {Ice Str+7}
 26197 | D:15     | Found a transporter.
 26206 | D:15     | Found a transporter.
 26517 | D:15     | Found a staircase to the Depths.
 26910 | Snake:1  | Entered Level 1 of the Snake Pit
 27138 | Snake:1  | Reached skill level 14 in Stealth
 27920 | Snake:2  | Reached XP level 17. HP: 162/162 MP: 32/32
 28116 | Snake:2  | Found Kotabyf's General Store.
 28121 | Snake:2  | Reached XP level 18. HP: 170/170 MP: 33/33
 28128 | Snake:2  | Bought a potion of heal wounds for 80 gold pieces
 28128 | Snake:2  | Bought a scroll of fear for 56 gold pieces
 28128 | Snake:2  | Bought 2 scrolls of fog for 64 gold pieces
 28128 | Snake:2  | Bought a scroll of amnesia for 56 gold pieces
 28128 | Snake:2  | Bought a scroll of identify for 32 gold pieces
 29743 | Snake:4  | Entered Level 4 of the Snake Pit
 30282 | Snake:4  | Reached skill level 10 in Conjurations
 30282 | Snake:4  | Reached skill level 10 in Hexes
 30282 | Snake:4  | Reached skill level 10 in Summonings
 30282 | Snake:4  | Reached skill level 10 in Necromancy
 30282 | Snake:4  | Reached skill level 10 in Translocations
 30282 | Snake:4  | Reached skill level 10 in Transmutations
 30282 | Snake:4  | Reached skill level 10 in Fire Magic
 30282 | Snake:4  | Reached skill level 10 in Ice Magic
 30282 | Snake:4  | Reached skill level 10 in Air Magic
 30282 | Snake:4  | Reached skill level 10 in Earth Magic
 30282 | Snake:4  | Reached skill level 10 in Poison Magic
 31112 | Snake:3  | Learned a level 6 spell: Ozocubu's Refrigeration
 31173 | Snake:4  | Noticed Aizul
 31190 | Snake:4  | Killed Aizul
 31882 | Snake:4  | Learned a level 5 spell: Summon Mana Viper
 32250 | Snake:4  | Got a serpentine rune of Zot
 32263 | Snake:4  | Reached XP level 19. HP: 155/180 MP: 35/35
 32533 | Swamp:1  | Entered Level 1 of the Swamp
 34444 | Swamp:2  | Got a tattered robe
 35875 | Swamp:3  | Reached skill level 15 in Stealth
 36422 | Swamp:4  | Entered Level 4 of the Swamp
 36422 | Swamp:4  | Noticed Roxanne
 36530 | Swamp:4  | Noticed Mara
 36534 | Swamp:4  | Noticed vurker's illusion
 36542 | Swamp:4  | Killed Mara
 36671 | Swamp:4  | Noticed Bai Suzhen
 36722 | Swamp:4  | Killed Bai Suzhen
 37730 | Swamp:4  | Got a decaying rune of Zot
 38128 | Swamp:4  | Learned a level 5 spell: Lee's Rapid Deconstruction
 38133 | Swamp:4  | Killed Roxanne
 38266 | Swamp:4  | Learned a level 5 spell: Irradiate
 38450 | Elf:1    | Entered Level 1 of the Elven Halls
 38592 | Elf:1    | Reached XP level 20. HP: 106/190 MP: 30/36
 38691 | Elf:1    | Noticed a Tzitzimitl
 38933 | Elf:1    | Identified the Papyrus of Black Rites
 39521 | Elf:1    | Acquired 1730 gold pieces
 39554 | Elf:1    | Found a shimmering blue altar of Sif Muna.
 40023 | Elf:2    | Found Apeulu Icriu's Weapon Shoppe.
 40287 | Elf:2    | Found a runed translucent gate.
 40287 | Elf:2    | Found a runed translucent gate.
 40287 | Elf:2    | Found a runed translucent gate.
 41387 | Elf:3    | Entered Level 3 of the Elven Halls
 42330 | Elf:3    | Identified the +5 spear of Agony {speed, Fragile Str+4
                  | Dex+4}
 42335 | Elf:3    | Reached XP level 21. HP: 188/199 MP: 13/38
 42885 | Elf:3    | Identified the ring "Jarac" {Wiz rC+ Str+4 Int+3 Dex+2}
 42949 | Elf:3    | Got a warped hand axe
 42952 | Elf:3    | Got a scorched tin ring
 42953 | Elf:3    | Identified the ring of the Monkey {Fire *Drain rPois rN+
                  | MR+} (You found it on level 3 of the Elven Halls)
 42961 | Elf:3    | Got a translucent hand crossbow
 42962 | Elf:3    | Identified the +9 hand crossbow "Dumomnem" {venom, *Slow
                  | +Inv Int+5} (You found it on level 3 of the Elven Halls)
 42964 | Elf:3    | Got a translucent pewter ring
 42965 | Elf:3    | Identified the ring of Jeimm {rF- EV+4 Int+5} (You found it
                  | on level 3 of the Elven Halls)
 42971 | Elf:3    | Identified Qiwi Yna's Volume of Ointment
 43001 | Elf:3    | Got a brightly glowing plate armour
 43002 | Elf:3    | Identified the cursed +1 plate armour "Aluurr" {rC++ MR+
                  | Str-3} (You found it on level 3 of the Elven Halls)
 43004 | Elf:3    | Acquired 390 gold pieces
 43118 | Vaults:1 | Entered Level 1 of the Vaults
 43131 | Vaults:1 | Reached skill level 16 in Stealth
 43217 | Vaults:1 | Found a runed translucent door.
 43525 | Vaults:1 | Reached skill level 15 in Fighting
 43886 | Vaults:1 | Reached skill level 15 in Invocations
 44531 | Vaults:1 | Noticed Isedumueph's ghost (veteran HuFi)
 44731 | Vaults:2 | Reached XP level 22. HP: 200/210 MP: 40/40
 46695 | Vaults:3 | Found Buiqew's Book Shoppe.
 46701 | Vaults:3 | Bought a book of the Earth for 975 gold pieces
 46708 | Vaults:3 | Learned a level 6 spell: Iron Shot
 47153 | Vaults:3 | Found a staircase to the Crypt.
 47596 | Vaults:3 | Reached skill level 15 in Maces & Flails
 47596 | Vaults:3 | Reached skill level 15 in Dodging
 48073 | Vaults:3 | Found a runed translucent gate.
 48073 | Vaults:3 | Found a runed translucent gate.
 48073 | Vaults:3 | Found a runed translucent gate.
 48150 | Vaults:3 | Found a huge runed gate.
 48150 | Vaults:3 | Found a huge runed gate.
 48150 | Vaults:3 | Found a huge runed gate.
 48152 | Vaults:3 | Found a huge runed gate.
 48153 | Vaults:3 | Found a huge runed gate.
 48153 | Vaults:3 | Found a huge runed gate.
 48153 | Vaults:3 | Found a huge runed gate.
 48154 | Vaults:3 | Found a huge runed gate.
 48154 | Vaults:3 | Found a huge runed gate.
 48154 | Vaults:3 | Found a huge runed gate.
 48228 | Vaults:3 | Found a huge runed gate.
 48228 | Vaults:3 | Found a huge runed gate.
 48228 | Vaults:3 | Found a huge runed gate.
 48228 | Vaults:3 | Found a huge runed gate.
 48228 | Vaults:3 | Found a huge runed gate.
 48228 | Vaults:3 | Found a huge runed gate.
 48228 | Vaults:3 | Found a huge runed gate.
 48239 | Vaults:3 | Found a huge runed gate.
 48239 | Vaults:3 | Found a huge runed gate.
 48239 | Vaults:3 | Found a huge runed gate.
 48239 | Vaults:3 | Found a huge runed gate.
 48239 | Vaults:3 | Found a huge runed gate.
 48239 | Vaults:3 | Found a huge runed gate.
 48239 | Vaults:3 | Found a huge runed gate.
 48240 | Vaults:3 | Found a huge runed gate.
 48241 | Vaults:3 | Found a huge runed gate.
 48249 | Vaults:3 | Found a huge runed gate.
 48249 | Vaults:3 | Found a huge runed gate.
 48249 | Vaults:3 | Found a huge runed gate.
 48249 | Vaults:3 | Found a huge runed gate.
 48249 | Vaults:3 | Found a huge runed gate.
 48249 | Vaults:3 | Found a huge runed gate.
 48249 | Vaults:3 | Found a huge runed gate.
 48250 | Vaults:3 | Found a huge runed gate.
 48251 | Vaults:3 | Found a huge runed gate.
 48259 | Vaults:3 | Found a huge runed gate.
 48340 | Vaults:3 | Noticed Juteq's ghost (adept GnGl)
 48341 | Vaults:3 | Identified the ring "Dosihon" {rN+ AC+4 Dex+3}
 48422 | Vaults:3 | Found the ring of the Mage {Wiz MR++ Int+3}
 48886 | Vaults:4 | Found a magical portal.
 48893 | WizLab   | Entered The Hall of the Hellbinder
 48905 | WizLab   | Reached XP level 23. HP: 188/219 MP: 41/41
 50480 | Vaults:5 | Entered Level 5 of the Vaults
 50482 | Vaults:5 | Reached skill level 17 in Stealth
 50491 | Vaults:4 | Reached skill level 15 in Short Blades
 50491 | Vaults:4 | Reached skill level 15 in Long Blades
 50491 | Vaults:4 | Reached skill level 15 in Axes
 50491 | Vaults:4 | Reached skill level 15 in Polearms
 50491 | Vaults:4 | Reached skill level 15 in Staves
 50491 | Vaults:4 | Reached skill level 15 in Slings
 50491 | Vaults:4 | Reached skill level 15 in Bows
 50491 | Vaults:4 | Reached skill level 15 in Crossbows
 50491 | Vaults:4 | Reached skill level 15 in Throwing
 50491 | Vaults:4 | Reached skill level 15 in Armour
 50491 | Vaults:4 | Reached skill level 15 in Shields
 50491 | Vaults:4 | Reached skill level 15 in Unarmed Combat
 50491 | Vaults:4 | Reached skill level 15 in Spellcasting
 50491 | Vaults:4 | Reached skill level 15 in Evocations
 50691 | Vaults:5 | Noticed an ancient lich
 50697 | Vaults:5 | Noticed a golden dragon
 50941 | Vaults:5 | Killed an ancient lich
 51515 | Vaults:5 | Reached XP level 24. HP: 218/229 MP: 42/42
 51523 | Vaults:5 | Identified the +6 war axe of Deflation {venom, rElec}
 52260 | Vaults:5 | Identified the +0 robe "Raefrec" {Int+4}
 52589 | Vaults:5 | Identified Ycvoth's Disquisition on Doomed Cold
 52708 | Vaults:5 | Got an iridescent spear
 52721 | Vaults:5 | Got a glittering wooden ring
 52722 | Vaults:5 | Identified the ring "Durehul" {+Blink MP+9} (You found it
                  | on level 5 of the Vaults)
 52729 | Vaults:5 | Got a silver rune of Zot
 53882 | Depths:1 | Entered Level 1 of the Depths
 54028 | Depths:1 | Learned a level 1 spell: Apportation
 54028 | Depths:1 | Identified the Almanac of Congealing Ignition
 54499 | Depths:1 | Found a gateway to Hell.
 54637 | Depths:1 | Found a one-way gate leading to the halls of Pandemonium.
 54650 | Depths:1 | Gained mutation: You occasionally shout uncontrollably at
                  | your foes. [a neqoxec]
 54929 | Depths:1 | Reached XP level 25. HP: 239/240 MP: 4/42
 55338 | Depths:2 | Found Reudafui's Magic Scroll Emporium.
 55349 | Depths:2 | Bought a scroll of fear for 73 gold pieces
 55349 | Depths:2 | Bought a scroll of teleportation for 63 gold pieces
 55349 | Depths:2 | Bought a scroll of brand weapon for 420 gold pieces
 55349 | Depths:2 | Bought a scroll of magic mapping for 73 gold pieces
 55349 | Depths:2 | Bought a scroll of brand weapon for 420 gold pieces
 55349 | Depths:2 | Bought a scroll of blinking for 157 gold pieces
 56180 | Depths:2 | Identified the +11 short sword "Hoss" {vorpal, +Blink rPois
                  | MR- Str-3}
 56878 | Depths:2 | Identified the Collected Works on Changing
 57033 | Depths:3 | Noticed Boris
 57047 | Depths:3 | Killed Boris
 57449 | Depths:3 | Reached skill level 18 in Stealth
 57831 | Depths:3 | Identified the +7 scale mail of the Monk {rElec Str+2}
 59219 | Depths:4 | Reached XP level 26. HP: 172/249 MP: 6/43
 59335 | Depths:4 | Noticed a juggernaut
 59339 | Depths:4 | Killed a juggernaut
 59825 | Depths:4 | Got a crude platinum amulet
 59828 | Depths:4 | Identified the amulet of Dishonour {Inacc Dex+3} (You found
                  | it on level 4 of the Depths)
 60054 | Depths:4 | Noticed Xtahua
 60059 | Depths:4 | Killed Xtahua
 60544 | Depths:5 | Entered Level 5 of the Depths
 60544 | Depths:5 | Found a gateway to a ziggurat.
 60576 | Depths:5 | Found Wasoushro's Book Emporium.
 61060 | Depths:5 | Found a gate to the Realm of Zot.
 61508 | Depths:5 | Noticed Saint Roka
 61513 | Depths:5 | Killed Saint Roka
 61513 | Depths:5 | Reached XP level 27. HP: 228/260 MP: 27/44
 62289 | Crypt:1  | Entered Level 1 of the Crypt
 63005 | Crypt:1  | Noticed Jory
 63021 | Crypt:1  | Killed Jory
 63513 | Crypt:2  | Reached skill level 19 in Stealth
 63610 | Crypt:2  | Found an ancient bone altar of Kikubaaqudgha.
 64001 | Crypt:2  | Identified Jongu's Reference Book on the Compass
 64050 | Crypt:2  | Identified Sif Muna's Volume of Beguiling
 64058 | Crypt:2  | Identified the Grimoire of Ensnaring Battle Magic
 64925 | Crypt:1  | Reached skill level 15 in Conjurations
 64925 | Crypt:1  | Reached skill level 15 in Hexes
 64925 | Crypt:1  | Reached skill level 15 in Summonings
 64925 | Crypt:1  | Reached skill level 15 in Necromancy
 64925 | Crypt:1  | Reached skill level 15 in Translocations
 64925 | Crypt:1  | Reached skill level 15 in Transmutations
 64925 | Crypt:1  | Reached skill level 15 in Fire Magic
 64925 | Crypt:1  | Reached skill level 15 in Ice Magic
 64925 | Crypt:1  | Reached skill level 15 in Air Magic
 64925 | Crypt:1  | Reached skill level 15 in Earth Magic
 64925 | Crypt:1  | Reached skill level 15 in Poison Magic
 65539 | Crypt:3  | Entered Level 3 of the Crypt
 66010 | Crypt:3  | Noticed Boris
 66041 | Crypt:3  | Killed Boris
 66142 | Crypt:3  | Found a staircase to the Tomb.
 67284 | Crypt:3  | Noticed an ancient lich
 67297 | Crypt:3  | Killed an ancient lich
 67403 | Crypt:3  | Got a shimmering battleaxe
 67410 | Crypt:3  | Got a glittering platinum ring
 67410 | Crypt:3  | Got a sparkling bronze ring
 67411 | Crypt:3  | Identified the ring of Daffodils {rPois rN+ Dex+4} (You
                  | found it on level 3 of the Crypt)
 67412 | Crypt:3  | Identified the ring of Ledakhi {rC+ rN+ MR+} (You found it
                  | on level 3 of the Crypt)
 67692 | Crypt:3  | Found an ancient bone altar of Kikubaaqudgha.
 68244 | Zot:1    | Entered Level 1 of the Realm of Zot
 71151 | Zot:2    | Noticed an orb of fire
 71152 | Zot:2    | Gained mutation: Armour fits poorly on your strangely
                  | shaped body. [an orb of fire]
 71152 | Zot:2    | Gained mutation: You tend to lose your temper in combat.
                  | [an orb of fire]
 71157 | Zot:2    | Killed an orb of fire
 71246 | Zot:2    | Lost mutation: You occasionally shout uncontrollably at
                  | your foes. [potion of mutation]
 71246 | Zot:2    | Lost mutation: You are very robust. (+20% HP) [potion of
                  | mutation]
 71246 | Zot:2    | Lost mutation: Armour fits poorly on your strangely shaped
                  | body. [potion of mutation]
 71246 | Zot:2    | Lost mutation: You are partially covered in slimy green
                  | scales. (AC +2) [potion of mutation]
 71246 | Zot:2    | Lost mutation: Your skin changes colour to match your
                  | surroundings (Stealth+). [potion of mutation]
 71246 | Zot:2    | Gained mutation: You are agile. (Dex +2) [potion of
                  | mutation]
 71247 | Zot:2    | Lost mutation: You tend to lose your temper in combat.
                  | [potion of mutation]
 71247 | Zot:2    | Lost mutation: You are agile. (Dex +2) [potion of mutation]
 71247 | Zot:2    | Gained mutation: You possess an exceptional clarity of
                  | mind. [potion of mutation]
 71247 | Zot:2    | Gained mutation: Your mind is acute. (Int +2) [potion of
                  | mutation]
 73312 | Zot:3    | Got an iridescent spear
 73800 | Zot:4    | Found a runed translucent door.
 73800 | Zot:4    | Found a shimmering altar of Xom.
 73800 | Zot:4    | Noticed Raoson's ghost (legendary GrBe)
 73801 | Zot:4    | Found the +8 Wrath of Trog {antimagic, *Rage}
 73821 | Zot:4    | Gained mutation: Your body sometimes deteriorates upon
                  | taking damage. [mutagenic glow]
 73848 | Zot:4    | Gained mutation: Armour fits poorly on your strangely
                  | shaped body. [mutagenic glow]
 74695 | Zot:5    | Entered Level 5 of the Realm of Zot
 75342 | Zot:5    | Reached skill level 20 in Stealth
 75753 | Zot:5    | Noticed an ancient lich
 75844 | Zot:5    | Killed an ancient lich
 76562 | Zot:5    | Noticed an orb of fire
 76562 | Zot:5    | Gained mutation: You have a pair of small antennae on your
                  | head. [an orb of fire]
 76565 | Zot:5    | Noticed an orb of fire
 76565 | Zot:5    | Gained mutation: Your spells are a little easier to cast,
                  | but a little less powerful. [an orb of fire]
 76566 | Zot:5    | Noticed an orb of fire
 76572 | Zot:5    | Noticed an orb of fire
 76573 | Zot:5    | Noticed an orb of fire
 76580 | Zot:5    | Noticed an orb of fire
 76580 | Zot:5    | Noticed an orb of fire
 76580 | Zot:5    | Noticed an orb of fire
 76581 | Zot:5    | Lost mutation: Your mind is acute. (Int +2) [an orb of
                  | fire]
 76582 | Zot:5    | Noticed an orb of fire
 76582 | Zot:5    | Noticed an ancient lich
 76582 | Zot:5    | HP: 12/244 [orb of fire/bolt of fire (26)]
 76586 | Zot:5    | Killed from afar by an orb of fire

Illustrated notes

Levels and vault maps discovered:
D:1:      ncdulo_lavacross, layout_rooms
D:2:      layout_loops_ring, uniq_robin, uniq_jessica
D:3:      layout_basic, gammafunk_ghost_abyssal_escape,
          kennysheep_pointless_box, uniq_grinder
D:4:      kennysheep_spiral_hall, layout_loops_ring
D:5:      layout_rooms, minmay_temple_entry_trees
D:6:      layout_rooms, trog_three_pillars_becter, uniq_sigmund
D:7:      layout_gridville, bh_walls_and_bars
D:8:      layout_basic, trog_ov_bears_minmay, st_stairs_10,
          kennysheep_small_spiral, minmay_misc_feat_chi,
          nicolae_dithmenos_shadow_blocks
D:9:      minmay_the_grid_plus_closed [minmay_the_grid_plusring,
          minmay_the_grid_box_x, minmay_the_grid_x,
          minmay_the_grid_broken_lines, minmay_the_grid_prize_big_room],
          layout_basic
D:10:     layout_basic, basic_altar, minmay_crystal_room, minmay_alternating_orb
D:11:     layout_cave_pools, orc_0_dummy
D:12:     layout_basic, gammafunk_ghost_necromancy, uniq_fannar
D:13:     layout_loops_ring, david_vaults_3, portal_ice_cave_rime,
          grunt_gozag_breadcrumbs
D:14:     hangedman_cross_cluster, layout_stronghold, nrook_campfire,
          lightli_minifort
D:15:     grunt_enter_depths_hoard, layout_gridville, gammafunk_ghost_arena,
          serial_glass, glass_columns_a, glass_columns_c, glass_columns_c,
          glass_columns_b, minmay_misc_feat_columns,
          chequers_serial_rivers_marsh
Temple:   roderic_octagonal_lattice_temple
Lair:1:   layout_chaotic_city, beast_lair_carwin_3, serial_bayou_shore_b
Lair:2:   layout_loops_ring, skrybe_swamp_entry_bodies
Lair:3:   layout_layer_cave, minmay_snake_entry_guardpost_small
Lair:4:   layout_gridlike, gauntlet_entry_generic, eino_house_with_fridge
Lair:5:   layout_regular_city, grunt_megastairs_2
Lair:6:   minmay_lair_end_enchanted_forest, layout_regular_city, slime_altar_2,
          ebering_ghost_disaster_area, st_stairs_9, grunt_megastairs_1
Swamp:1:  layout_falls_marsh, nicolae_swamp_dense_foliage, swamp_pool2
Swamp:2:  layout_basic_swamp, evilmike_swamp_ruin_house_6
Swamp:3:  layout_basic_swamp, serial_swamp_ruin, evilmike_swamp_ruin_rubble_2,
          evilmike_swamp_ruin_house_5
Swamp:4:  swamp, layout_basic_swamp, uniq_bai_suzhen, uniq_mara, uniq_roxanne
Snake:1:  layout_misc_corridors
Snake:2:  layout_cave_town, serial_shops, nicolae_shop_crystal
Snake:3:  layout_misc_corridors
Snake:4:  snake_pit, layout_cave_town, grunt_megastairs_3, uniq_aizul
Orc:1:    cheibrodos_orc_bank, layout_caves, enter_bailey_3,
          nicolae_orc_bridge_out, sword_in_stone, uniq_erolcha
Orc:2:    st_orc_mages, layout_diamond_mine, uniq_jorgrun
Elf:1:    layout_loops_corners, basic_altar, minmay_elf_necromancy
Elf:2:    layout_loops_ring, serial_shops, nicolae_shop_stone
Elf:3:    elf_hall, layout_gridlike, st_stairs_3
Vaults:1: ebering_vaults_ghost_reflecting_pool, grunt_vaults_diagonal,
          vaults_room_grunt_arrival_ludios, vaults_mumra_lcd,
          vaults_room_corners, v_misc_19, vaults_mumra_minichess_inversion,
          nicolae_vaults_what_the_h, vaults_mumra_hex,
          ontoclasm_vaults_decontamination, st_spiral_rooms,
          nicolae_vaults_ring_of_whatevers, v_pattern_4, vaults_room_hallway,
          vaults_dpeg_diagonal, layout_vaults_maze
Vaults:2: ontoclasm_vaults_idyll, hangedman_vaults_corner_blocks,
          grunt_vaults_focal, nicolae_vaults_an_arrangement,
          vaults_room_octagon, v_misc_29, layout_vaults_omnigrid
Vaults:3: gammafunk_vaults_ghost_tricky_traps, vaults_room_boxed,
          hangedman_vaults_stream, vaults_standard_mumra_x,
          nicolae_vaults_little_squares_6, ontoclasm_vaults_loading_screen,
          vaults_not_door_vault_due, minmay_crypt_entry_simple_sparse,
          ontoclasm_vaults_twist, ontoclasm_vaults_chip,
          layout_vaults_omnicross, serial_shops, shop
Vaults:4: vaults_room_fancy_cross, nicolae_vaults_yaktaur_gun_rack,
          nicolae_vaults_quartermaster, nicolae_vaults_ring_of_whatevers,
          nicolae_vaults_puzzle_piece, nicolae_vaults_network_quincunx
          [nicolae_vaults_network_quincunx_subvault,
          nicolae_vaults_network_quincunx_subvault,
          nicolae_vaults_network_quincunx_subvault,
          nicolae_vaults_network_quincunx_subvault,
          nicolae_vaults_network_quincunx_subvault], v_pattern_5,
          vaults_mumra_minichess, v_rooms_5, vaults_dpeg_doors,
          vaults_room_pool, v_misc_22, layout_vaults_omnibox, mu_enter_wizlab_4
Vaults:5
Crypt:1:  layout_regular_city, grunt_crypt_arrival_webbed, uniq_jory
Crypt:2:  minmay_skeleton_keep, layout_regular_city, basic_altar
Crypt:3:  evilmike_haunted_forest
Depths:1: layout_gridlike, fountainhead, hell_entry, grunt_pan_entry_sceptre,
          ice2_lemuel
Depths:2: kennysheep_demon_jail, layout_cave_pools,
          serial_sigils_hangedman_scar, serial_shops, nicolae_shop_trees,
          grunt_mini_vestibule
Depths:3: wad_guarded_room, layout_gridlike, hell_entry, pan_entry,
          minmay_misc_feat_diagonals, uniq_boris
Depths:4: grunt_runaround [grunt_runaround_doors_1, grunt_runaround_doors_2,
          grunt_runaround_doors_3, grunt_runaround_doors_4,
          grunt_runaround_loot], hell_entry, abyss_entry, uniq_xtahua
Depths:5: grunt_zot_entry_alcove, layout_basic, enter_ziggurat_e, hell_entry,
          chequers_serial_rivers_micro_e, serial_shops, nicolae_shop_crystal,
          uniq_saint_roka
Zot:1:    layout_cathedral_of_symmetry
Zot:2:    layout_misc_corridors
Zot:3:    layout_gridlike, grunt_ministairs_1
Zot:4:    layout_concentric_octagons, ebering_ghost_xom, grunt_megastairs_5
Zot:5:    layout_cellular_growth, st_stairs_5

Skill      XL: |  1  2  3  4  5  6  7  8  9 10 11 12 13 14 15 16 17 18 19 20 21 22 23 24 25 26 27 |
---------------+----------------------------------------------------------------------------------+-----
Stealth        | 10 11 12 13 14 15 16 17 18 20 | 20.1
Short Blades   | 1 2 3 4 5 6 7 8 9 10 11 12 13 14 15 16 17 18 | 18.5
Long Blades    | 1 2 3 4 5 6 7 8 9 10 11 12 13 14 15 16 17 18 | 18.5
Axes           | 1 2 3 4 5 6 7 8 9 10 11 12 13 14 15 16 17 18 | 18.5
Polearms       | 1 2 3 4 5 6 7 8 9 10 11 12 13 14 15 16 17 18 | 18.5
Staves         | 1 2 3 4 5 6 7 8 9 10 11 12 13 14 15 16 17 18 | 18.5
Slings         | 1 2 3 4 5 6 7 8 9 10 11 12 13 14 15 16 17 18 | 18.5
Bows           | 1 2 3 4 5 6 7 8 9 10 11 12 13 14 15 16 17 18 | 18.5
Crossbows      | 1 2 3 4 5 6 7 8 9 10 11 12 13 14 15 16 17 18 | 18.5
Throwing       | 1 2 3 4 5 6 7 8 9 10 11 12 13 14 15 16 17 18 | 18.5
Armour         | 1 2 3 4 5 6 7 8 9 10 11 12 13 14 15 16 17 18 | 18.5
Shields        | 1 2 3 4 5 6 7 8 9 10 11 12 13 14 15 16 17 18 | 18.5
Unarmed Combat | 1 2 3 4 5 6 7 8 9 10 11 12 13 14 15 16 17 18 | 18.5
Spellcasting   | 1 2 3 4 5 6 7 8 9 10 11 12 13 14 15 16 17 18 | 18.5
Invocations    | 1 2 3 4 5 6 7 8 9 10 11 12 13 14 15 16 17 18 19 | 19.9
Evocations     | 1 2 3 4 5 6 7 8 9 10 11 12 13 14 15 16 17 18 | 18.5
Conjurations   | 1 2 3 4 5 6 7 8 9 10 11 12 13 14 16 | 16.0
Hexes          | 1 2 3 4 5 6 7 8 9 10 11 12 13 14 16 | 16.0
Summonings     | 1 2 3 4 5 6 7 8 9 10 11 12 13 14 16 | 16.0
Necromancy     | 1 2 3 4 5 6 7 8 9 10 11 12 13 14 16 | 16.0
Translocations | 1 2 3 4 5 6 7 8 9 10 11 12 13 14 16 | 16.0
Transmutations | 1 2 3 4 5 6 7 8 9 10 11 12 13 14 16 | 16.0
Fire Magic     | 1 2 3 4 5 6 7 8 9 10 11 12 13 14 16 | 16.0
Ice Magic      | 1 2 3 4 5 6 7 8 9 10 11 12 13 14 16 | 16.0
Air Magic      | 1 2 3 4 5 6 7 8 9 10 11 12 13 14 16 | 16.0
Earth Magic    | 1 2 3 4 5 6 7 8 9 10 11 12 13 14 16 | 16.0
Poison Magic   | 1 2 3 4 5 6 7 8 9 10 11 12 13 14 16 | 16.0
Maces & Flails | 5 6 7 8 9 10 11 12 13 14 15 16 17 18 | 18.9
Dodging        | 5 6 7 8 9 10 11 12 13 14 15 16 17 18 | 18.9
Fighting       | 7 8 9 10 11 12 13 14 15 16 17 19 | 19.3

Action                   |  1- 3 |  4- 6 |  7- 9 | 10-12 | 13-15 | 16-18 | 19-21 | 22-24 | 25-27 || total
-------------------------+-------+-------+-------+-------+-------+-------+-------+-------+-------++-------
Melee: Mace              |    14 |       |       |       |       |       |       |       |       ||    14
       Bite              |     4 |    21 |    45 |   124 |   197 |   193 |   296 |   200 |   419 ||  1499
       Quarterstaff      |    10 |    27 |       |       |       |       |       |       |       ||    37
       Dagger            |       |   207 |    90 |       |       |       |       |       |       ||   297
       Flail             |       |       |   174 |       |       |       |       |       |       ||   174
       Morningstar       |       |       |     3 |   255 |   953 |   984 |   560 |       |       ||  2755
       Whip              |       |       |     2 |   267 |       |       |       |       |       ||   269
       Demon blade       |       |       |       |       |       |       |   822 |   826 |   102 ||  1750
       Demon trident     |       |       |       |       |       |       |       |       |   445 ||   445
       Broad axe         |       |       |       |       |       |       |       |       |  1170 ||  1170
 Cast: Summon Mana Viper |       |       |       |       |       |     3 |    44 |       |       ||    47
       Ozocubu's Refrige |       |       |       |       |       |     3 |    31 |   110 |   148 ||   292
       Lee's Rapid Decon |       |       |       |       |       |       |     4 |       |       ||     4
       Iron Shot         |       |       |       |       |       |       |       |    25 |    70 ||    95
       Apportation       |       |       |       |       |       |       |       |     3 |       ||     3
Invok: Slouch            |       |       |       |     4 |    10 |    19 |     3 |       |       ||    36
       Step From Time    |       |       |       |       |       |       |       |     2 |     3 ||     5
Evoke: Wand              |       |     2 |     7 |    19 |     1 |    17 |     4 |       |     4 ||    54
  Use: Scroll            |       |       |    12 |    10 |     9 |     9 |    16 |    13 |    25 ||    94
       Potion            |       |       |     2 |     1 |     1 |     2 |       |       |    13 ||    19
 Stab: Sleeping          |       |    13 |    26 |    29 |    27 |    10 |    14 |    11 |     3 ||   133
       Distracted        |       |       |     3 |     2 |     5 |     2 |     7 |     3 |     3 ||    25
Armor: Leather armour    |     5 |     9 |       |       |       |       |       |       |       ||    14
       Scale mail        |       |    68 |    58 |       |       |       |       |       |       ||   126
       Ring mail         |       |       |    29 |   119 |    84 |       |       |       |       ||   232
       Plate armour      |       |       |       |       |   153 |   322 |   335 |   100 |       ||   910
       Gold dragon scale |       |       |       |       |       |       |       |    24 |   384 ||   408
       Skin              |       |       |       |       |       |       |       |       |     4 ||     4
Dodge: Dodged            |    22 |   189 |   152 |   297 |   791 |   646 |   712 |   383 |   808 ||  4000
Block: Buckler           |       |     9 |    57 |       |       |       |       |       |       ||    66
       Kite shield       |       |       |    61 |   321 |   982 |  1296 |  1330 |   754 |  1564 ||  6308
       Reflection        |       |       |       |       |     1 |   169 |   125 |    94 |    57 ||   446
       Rpst.: Demon blade |       |       |       |       |       |       |    55 |    64 |     5 ||   124

Table legend: (Time is in decaauts)
 A = Elapsed time spent in this place.
 B = Non-inter-level travel time spent in this place.
 C = Inter-level travel time spent in this place.
 D = Time resting spent in this place.
 E = Time spent auto-exploring this place.
 F = Levels seen in this place.
 G = Mean time per level.
                   A        B        C        D        E       F      G
               +--------+--------+--------+--------+--------+-----+--------+
         Total | 110027 |  99389 |  10638 |   3686 |  77886 |  57 | 1930.3 |
       Dungeon |  22857 |  20306 |   2551 |    261 |  16017 |  15 | 1523.8 |
        Temple |     75 |     58 |     17 |      0 |     48 |   1 |   75.0 |
          Lair |  10620 |   9613 |   1007 |      0 |   8072 |   6 | 1770.0 |
         Swamp |   8391 |   8064 |    327 |    241 |   6444 |   4 | 2097.8 |
     Snake Pit |   7575 |   7368 |    207 |    345 |   5625 |   4 | 1893.8 |
  Orcish Mines |   3730 |   3494 |    236 |      0 |   2709 |   2 | 1865.0 |
   Elven Halls |   6492 |   6231 |    261 |      0 |   5038 |   3 | 2164.0 |
        Vaults |  16851 |  14238 |   2613 |    511 |  11286 |   5 | 3370.2 |
         Crypt |   8796 |   7597 |   1199 |   1427 |   4793 |   3 | 2932.0 |
        Depths |  11949 |  10193 |   1756 |    216 |   8365 |   5 | 2389.8 |
           Zot |   9917 |   9458 |    459 |    483 |   7887 |   5 | 1983.4 |
        Bailey |    384 |    384 |      0 |      0 |    221 |   1 |  384.0 |
      Ice Cave |   1426 |   1426 |      0 |    202 |    780 |   1 | 1426.0 |
        Wizlab |    163 |    163 |      0 |      0 |     73 |   1 |  163.0 |
      Gauntlet |    794 |    794 |      0 |      0 |    523 |   1 |  794.0 |
               +--------+--------+--------+--------+--------+-----+--------+

Top non-repeatable levels by time:
 Crypt:3: 3957 daAuts
Vaults:3: 3806 daAuts
Vaults:2: 3703 daAuts
Vaults:4: 3663 daAuts
Vaults:5: 3420 daAuts
    D:14: 3409 daAuts
 Crypt:1: 3155 daAuts
Depths:4: 3134 daAuts
 Snake:4: 2605 daAuts
   Zot:5: 2537 daAuts
   Zot:3: 2450 daAuts
Depths:2: 2424 daAuts
  Lair:6: 2416 daAuts
   Elf:3: 2387 daAuts
Depths:3: 2378 daAuts
